 Dungeon Crawl Stone Soup version 0.31-a0-507-gbafd7f5274 (console) character file.

Game seed: 1457533941396241854

11512 jejorda2 the Cleaver (level 11, -2/133 HPs)
             Began as a Gnoll Berserker on Aug 9, 2023.
             Was a Priest of Trog.
             Slain by a death yak simulacrum (10 damage)
             ... in an ice cave.
             The game lasted 00:33:12 (10414 turns).

jejorda2 the Cleaver (Gnoll Berserker)             Turns: 10414, Time: 00:33:13

Health: -2/133     AC: 23    Str: 21    XL:     11   Next: 78%
Magic:  21/21      EV:  9    Int:  6    God:    Trog [***...]
Gold:   146        SH:  7    Dex: 12    Spells: 23/23 levels left

rFire   + . .        a - +0 broad axe (freeze)
rCold   . . .        y - +2 buckler
rNeg    . . .        h - +2 plate armour {rPois}
rPois   +            (no helmet)
rElec   .            D - +1 cloak
rCorr   .            o - +1 pair of gloves
SInv    .            z - +2 pair of boots
Will    ++...        v - amulet of regeneration Stlth
                     p - ring of protection from fire
HPRegen 2.22/turn    (no ring)
MPRegen 0.17/turn

%: no passive effects
@: berserking, strong-willed, regenerating, studying Evocations, very quick
A: fangs 1, strong nose, distributed training
a: Renounce Religion, Berserk, Trog's Hand


You were in an ice cave.
You worshipped Trog.
Trog was most pleased with you.
You visited 1 branch of the dungeon, and saw 11 of its levels.
You also visited: Sewer and Ice Cave.

You collected 664 gold pieces.
You spent 518 gold pieces at shops.

Inventory:

Hand Weapons
 a - a +0 broad axe of freezing (weapon)
 b - a +0 flail of protection
Missiles
 n - 38 poisoned darts
 q - 3 throwing nets
 t - 6 curare-tipped darts
Armour
 e - a +2 chain mail of fire resistance
 h - a +2 plate armour of poison resistance (worn)
 o - a +1 pair of gloves (worn)
 y - a +2 buckler (worn)
 z - a +2 pair of boots (worn)
 D - a +1 cloak (worn)
Jewellery
 p - a ring of protection from fire (left hand)
 v - an amulet of regeneration (around neck)
Wands
 d - a wand of iceblast (7)
 r - a wand of digging (11)
 C - a wand of flame (5)
 E - a wand of polymorph (3)
Scrolls
 c - a scroll of immolation
 f - 3 scrolls of blinking
 g - 2 scrolls of teleportation
 j - 2 scrolls of enchant weapon
 w - 2 scrolls of revelation
 G - a scroll of fog
Potions
 i - 3 potions of attraction
 k - a potion of magic {unknown}
 l - a potion of brilliance {unknown}
 m - a potion of enlightenment {unknown}
 s - 2 potions of mutation {unknown}
 u - a potion of ambrosia {unknown}
 x - 10 potions of curing
 A - a potion of haste {unknown}
 B - 2 potions of degeneration {unknown}
 F - a potion of lignification {unknown}


   Skills:
 + Level 9.5 Fighting
 + Level 6.7 Short Blades
 + Level 6.7 Long Blades
 + Level 9.5 Axes
 + Level 6.7 Maces & Flails
 + Level 6.7 Polearms
 + Level 6.7 Staves
 + Level 6.7 Ranged Weapons
 + Level 6.7 Throwing
 + Level 8.2 Armour
 + Level 8.2 Dodging
 + Level 6.7 Stealth
 + Level 6.7 Shields
 + Level 6.7 Unarmed Combat
 + Level 6.7 Spellcasting
 + Level 5.6 Conjurations
 + Level 5.6 Hexes
 + Level 5.6 Summonings
 + Level 5.6 Necromancy
 + Level 5.6 Translocations
 + Level 5.6 Transmutations
 + Level 5.6 Fire Magic
 + Level 5.6 Ice Magic
 + Level 5.6 Air Magic
 + Level 5.6 Earth Magic
 + Level 5.6 Poison Magic
 + Level 7.4 Invocations
 + Level 8.0 Evocations
 + Level 5.6 Shapeshifting


You had 23 spell levels left.
You didn't know any spells.
Your spell library was empty.

Dungeon Overview and Level Annotations

Branches:
Dungeon (11/15)            Temple (0/1) D:4            Lair (0/5) D:11
    Orc (0/2) D:10          Sewer (visited)           IceCv (1/1)

Altars:
Cheibriados
Elyvilon
Okawaru
Qazlal
The Shining One

Shops:
D:10 [((


Innate Abilities, Weirdness & Mutations

You have very sharp teeth.
Your uncanny sense of smell can sniff out nearby items.
Your experience applies equally to all skills.


Message History

Really walk into that cloud of freezing vapour?
You are engulfed in freezing vapours.
Really walk into that cloud of freezing vapour? 2 dire elephant simulacra come into view.
You are engulfed in freezing vapours.
You are engulfed in freezing vapours.
You are engulfed in freezing vapours.
You are engulfed in freezing vapours.
You are engulfed in freezing vapours.
An ice devil comes into view. 2 death yak simulacra come into view.
Your skin crawls.
You feel strong-willed.
You fail to use your ability.
Your ogre goes berserk!
You can no longer call in reinforcements.
The ice devil hits you. The ice devil freezes you!!
* * * LOW HITPOINT WARNING * * *
Unknown command.
A red film seems to cover your vision as you go berserk!
You feel yourself moving faster!
You feel mighty!
Your ogre hits the ice devil with a +0 giant club!
The ice devil hits you!
* * * LOW HITPOINT WARNING * * *
The ice devil freezes you!
* * * LOW HITPOINT WARNING * * *
You slash the ice devil!
The ice devil is heavily wounded.
You slash the death yak simulacrum! x2
You block the death yak simulacrum's attack.
Your ogre hits the ice devil with a +0 giant club!!
The ice devil dies!
Trog accepts your kill.
Your Evocations skill increases to level 8!
You slash the death yak simulacrum!
The death yak simulacrum is heavily damaged.
You hit the death yak simulacrum.
You block the death yak simulacrum's attack.
The death yak simulacrum gores you!
You die...

##.....## ####
#....## ##...#
##..## #.....
#...## ....#
##...# .... #..##
##..## ##..####
#..ZZ# #..#..##
##.#O@# #..#...##
.#..##.##
#.......#
.....#..#
#...##..## #§☼.Z.#
#..###...#
#§§4#°.○#
##.#.##..# §☼§
#Z.○# ##....#..# #
#.#§# #....##..#
###§○§###....#..##
#......##...##..#


You could see 2 death yak simulacra, 2 dire elephant simulacra and a friendly
ogre (summoned, berserk).

Vanquished Creatures
  2 two-headed ogres
  A slime creature (D:5)
  2 ice statues (IceCv)
  An unseen horror (D:11)
  A freezing wraith (IceCv)
  A komodo dragon (D:11)
  6 ice devils
  Sigmund (D:6)
  A shadow (D:9)
  4 yaks (D:8)
  A wyvern (D:10)
  Eustachio (D:6)
  Grum (D:9)
  A death yak simulacrum (IceCv)
  An acid dragon (D:9)
  Duvessa (D:4)
  A water moccasin (D:5)
  3 orc warriors
  2 sky beasts (D:7)
  2 ice beasts
  2 ogres
  A black bear (D:6)
  3 wolves (D:9)
  6 centaurs
  2 phantoms (D:5)
  6 bullfrogs
  4 kobold brigands
  A cane toad simulacrum (IceCv)
  2 gnoll sergeants
  4 scorpions
  A two-headed ogre simulacrum (IceCv)
  Dowan (D:4)
  10 killer bees
  9 jellies
  2 howler monkeys (D:7)
  2 hounds
  2 gnoll boudas
  Crazy Yiuf (D:4)
  8 orc priests
  3 sleepcaps
  2 iguanas
  10 orc wizards
  A polar bear simulacrum (IceCv)
  2 spriggan simulacra (IceCv)
  2 troll simulacra (IceCv)
  A river rat (D:3)
  15 adders
  17 gnolls
  4 naga simulacra (IceCv)
  A white imp (D:6)
  3 ufetubi
  2 worms
  4 dart slugs
  44 orcs
  18 endoplasms
  11 giant cockroaches
  5 goblins
  3 hobgoblins
  7 jackals
  27 kobolds
  12 quokkas
  3 training dummies (D:10)
  9 ball pythons
  5 bats
  9 frilled lizards
  7 rats
328 creatures vanquished.

Vanquished Creatures (collateral kills)
  An ice devil (IceCv)
1 creature vanquished.

Grand Total: 329 creatures vanquished

Notes
Turn   | Place    | Note
-------+----------+-------------------------------------------
     0 | D:1      | jejorda2 the Gnoll Berserker began the quest for the Orb.
     0 | D:1      | Reached XP level 1. HP: 23/23 MP: 1/1
    97 | D:1      | Reached XP level 2. HP: 29/29 MP: 2/2
   772 | D:1      | Found a faded altar of an unknown god.
  1043 | D:2      | Reached XP level 3. HP: 35/35 MP: 3/3
  1068 | D:2      | Found a white marble altar of Elyvilon.
  1289 | D:2      | Reached skill level 1 in Invocations
  1325 | D:2      | Reached skill level 1 in Short Blades
  1325 | D:2      | Reached skill level 1 in Long Blades
  1325 | D:2      | Reached skill level 1 in Maces & Flails
  1325 | D:2      | Reached skill level 1 in Polearms
  1325 | D:2      | Reached skill level 1 in Staves
  1325 | D:2      | Reached skill level 1 in Ranged Weapons
  1325 | D:2      | Reached skill level 1 in Throwing
  1325 | D:2      | Reached skill level 1 in Stealth
  1325 | D:2      | Reached skill level 1 in Shields
  1325 | D:2      | Reached skill level 1 in Unarmed Combat
  1325 | D:2      | Reached skill level 1 in Spellcasting
  1325 | D:2      | Reached skill level 1 in Evocations
  1590 | D:3      | Reached XP level 4. HP: 31/41 MP: 5/5
  1612 | D:3      | Found a glowing drain.
  1662 | Sewer    | Entered a sewer
  1718 | Sewer    | Reached ** piety under Trog
  1719 | Sewer    | Reached skill level 1 in Conjurations
  1719 | Sewer    | Reached skill level 1 in Hexes
  1719 | Sewer    | Reached skill level 1 in Summonings
  1719 | Sewer    | Reached skill level 1 in Necromancy
  1719 | Sewer    | Reached skill level 1 in Translocations
  1719 | Sewer    | Reached skill level 1 in Transmutations
  1719 | Sewer    | Reached skill level 1 in Fire Magic
  1719 | Sewer    | Reached skill level 1 in Ice Magic
  1719 | Sewer    | Reached skill level 1 in Air Magic
  1719 | Sewer    | Reached skill level 1 in Earth Magic
  1719 | Sewer    | Reached skill level 1 in Poison Magic
  1719 | Sewer    | Reached skill level 1 in Shapeshifting
  1994 | Sewer    | Reached XP level 5. HP: 47/47 MP: 5/7
  2201 | Sewer    | Reached skill level 5 in Armour
  2201 | Sewer    | Reached skill level 5 in Dodging
  2201 | Sewer    | Reached XP level 6. HP: 6/53 MP: 8/8
  2591 | D:3      | Reached *** piety under Trog
  3521 | D:4      | Noticed Duvessa
  3531 | D:4      | Killed Duvessa
  3532 | D:4      | Reached XP level 7. HP: 60/60 MP: 10/10
  3568 | D:4      | Noticed Dowan
  3608 | D:4      | Killed Dowan
  3658 | D:4      | Found a runed translucent door.
  3659 | D:4      | Noticed Crazy Yiuf
  3668 | D:4      | Killed Crazy Yiuf
  3728 | D:4      | Found a snail-covered altar of Cheibriados.
  3802 | D:4      | Found a stormy altar of Qazlal.
  3833 | D:4      | Found a staircase to the Ecumenical Temple.
  4380 | D:5      | Entered Level 5 of the Dungeon
  4659 | D:5      | Reached XP level 8. HP: 67/67 MP: 12/12
  4661 | D:5      | Reached **** piety under Trog
  5565 | D:5      | Noticed a slime creature
  5565 | D:5      | Noticed a slime creature
  5579 | D:5      | Killed a large slime creature
  5580 | D:5      | Reached XP level 9. HP: 53/73 MP: 13/15
  5641 | D:6      | Noticed Sigmund
  5652 | D:6      | Killed Sigmund
  5798 | D:6      | Found a white marble altar of Elyvilon.
  5944 | D:6      | Noticed Eustachio
  5958 | D:6      | Killed Eustachio
  6035 | D:6      | Reached skill level 5 in Invocations
  6453 | D:7      | Found a glowing golden altar of the Shining One.
  6527 | D:7      | Reached XP level 10. HP: 80/80 MP: 17/17
  6544 | D:7      | Reached skill level 5 in Short Blades
  6544 | D:7      | Reached skill level 5 in Long Blades
  6544 | D:7      | Reached skill level 5 in Maces & Flails
  6544 | D:7      | Reached skill level 5 in Polearms
  6544 | D:7      | Reached skill level 5 in Staves
  6544 | D:7      | Reached skill level 5 in Ranged Weapons
  6544 | D:7      | Reached skill level 5 in Throwing
  6544 | D:7      | Reached skill level 5 in Stealth
  6544 | D:7      | Reached skill level 5 in Shields
  6544 | D:7      | Reached skill level 5 in Unarmed Combat
  6544 | D:7      | Reached skill level 5 in Spellcasting
  6544 | D:7      | Reached skill level 5 in Evocations
  6700 | D:7      | Found an iron altar of Okawaru.
  7287 | D:8      | Identified a scroll of acquirement
  7287 | D:8      | Acquired a manual of Evocations
  8266 | D:9      | Noticed a two-headed ogre
  8284 | D:9      | Killed a two-headed ogre
  8579 | D:9      | Noticed Grum
  8596 | D:9      | Reached XP level 11. HP: 87/87 MP: 19/19
  8601 | D:9      | Killed Grum
  8667 | D:10     | Entered Level 10 of the Dungeon
  8669 | D:10     | Found a staircase to the Orcish Mines.
  8669 | D:10     | Found Etreq's Armour Emporium.
  8672 | D:10     | Found Zirghaum's Weapon Emporium.
  8687 | D:10     | Reached skill level 5 in Conjurations
  8687 | D:10     | Reached skill level 5 in Hexes
  8687 | D:10     | Reached skill level 5 in Summonings
  8687 | D:10     | Reached skill level 5 in Necromancy
  8687 | D:10     | Reached skill level 5 in Translocations
  8687 | D:10     | Reached skill level 5 in Transmutations
  8687 | D:10     | Reached skill level 5 in Fire Magic
  8687 | D:10     | Reached skill level 5 in Ice Magic
  8687 | D:10     | Reached skill level 5 in Air Magic
  8687 | D:10     | Reached skill level 5 in Earth Magic
  8687 | D:10     | Reached skill level 5 in Poison Magic
  8687 | D:10     | Reached skill level 5 in Shapeshifting
  8774 | D:10     | Bought a +2 plate armour of poison resistance for 518 gold
                  | pieces
  9078 | D:10     | Noticed a two-headed ogre
  9087 | D:10     | Killed a two-headed ogre
  9226 | D:10     | Found Bossebb's Firing Range.
  9562 | D:11     | Found a frozen archway.
  9597 | IceCv    | Entered an ice cave
 10412 | IceCv    | HP: 5/133 [ice devil (16)]
 10414 | IceCv    | Slain by a death yak simulacrum

Illustrated notes

Levels and vault maps discovered:
D:1:      wander_arrival_fairy_ring, layout_basic, basic_ecumenical_altar,
          roderic_lattice_a
D:2:      layout_loops_ring, basic_altar
D:3:      minmay_chambers_of_threes, layout_loops_corners, gup_sewer_entry_bowl
D:4:      layout_loops_ring, kennysheep_slug_shrine, lemuel_round_altar,
          minmay_temple_entry_statues_fountains, serial_aquarium,
          aquarium_bridge_straight [aquarium_subvault_bridge,
          aquarium_subvault_window, aquarium_subvault_bridge,
          aquarium_subvault_balcony], aquarium_bridge_square
          [aquarium_subvault_window, aquarium_subvault_bridge,
          aquarium_subvault_bridge, aquarium_subvault_bridge],
          aquarium_window_1, aquarium_window_fake, aquarium_view_2d,
          uniq_crazy_yiuf_cottage, uniq_duvessa
D:5:      cheibrodos_fertilizer, layout_basic
D:6:      layout_basic, mainiacjoe_overflow_catwalk,
          chequers_serial_rivers_micro_c, uniq_sigmund, uniq_eustachio
D:7:      layout_gridville, tso_oasis_becter,
          hellmonk_okawaru_the_only_friend_you_need
D:8:      layout_basic
D:9:      layout_rooms, uniq_grum
D:10:     layout_gridville, orc_david_3, nicolae_shop_firing_range
D:11:     layout_basic, grunt_lair_entry_orc_guard_hut,
          portal_ice_cave_demonic_guard, uniq_nergalle
IceCv:    ice_cave_small_demon

Skill      XL: |  1  2  3  4  5  6  7  8  9 10 11 |
---------------+----------------------------------+-----
Invocations    | 1 2 3 4 5 6 7 |  7.4
Short Blades   | 1 2 4 5 6 |  6.7
Long Blades    | 1 2 4 5 6 |  6.7
Maces & Flails | 1 2 4 5 6 |  6.7
Polearms       | 1 2 4 5 6 |  6.7
Staves         | 1 2 4 5 6 |  6.7
Ranged Weapons | 1 2 4 5 6 |  6.7
Throwing       | 1 2 4 5 6 |  6.7
Stealth        | 1 2 4 5 6 |  6.7
Shields        | 1 2 4 5 6 |  6.7
Unarmed Combat | 1 2 4 5 6 |  6.7
Spellcasting   | 1 2 4 5 6 |  6.7
Evocations     | 1 2 4 6 8 |  8.0
Conjurations   | 1 2 3 4 5 |  5.6
Hexes          | 1 2 3 4 5 |  5.6
Summonings     | 1 2 3 4 5 |  5.6
Necromancy     | 1 2 3 4 5 |  5.6
Translocations | 1 2 3 4 5 |  5.6
Transmutations | 1 2 3 4 5 |  5.6
Fire Magic     | 1 2 3 4 5 |  5.6
Ice Magic      | 1 2 3 4 5 |  5.6
Air Magic      | 1 2 3 4 5 |  5.6
Earth Magic    | 1 2 3 4 5 |  5.6
Poison Magic   | 1 2 3 4 5 |  5.6
Shapeshifting  | 1 2 3 4 5 |  5.6
Armour         | 5 6 7 8 |  8.2
Dodging        | 5 6 7 8 |  8.2
Fighting       | 7 8 9 |  9.5
Axes           | 7 8 9 |  9.5

Action                     |  1- 3 |  4- 6 |  7- 9 | 10-12 || total
---------------------------+-------+-------+-------+-------++-------
  Melee: Hand axe          |    79 |   288 |   234 |       ||   601
         Bite              |     8 |    19 |    42 |    51 ||   120
         Punch             |     1 |       |       |       ||     1
         War axe           |       |       |   143 |       ||   143
         Broad axe         |       |       |     4 |   435 ||   439
  Throw: Dart              |       |       |     4 |     1 ||     5
 Invoke: Berserk           |     2 |     4 |     8 |    20 ||    34
         Trog's Hand       |       |     1 |     5 |     7 ||    13
         Brothers in Arms  |       |       |       |     2 ||     2
  Evoke: Wand              |       |       |       |     3 ||     3
    Use: Scroll            |     1 |       |     9 |    11 ||    21
         Potion            |       |       |     1 |     2 ||     3
 Armour: Leather armour    |    10 |       |       |       ||    10
         Animal skin       |     2 |       |       |       ||     2
         Ring mail         |    10 |    40 |       |       ||    50
         Chain mail        |       |    25 |    43 |       ||    68
         Scale mail        |       |     6 |       |       ||     6
         Plate armour      |       |       |   112 |   388 ||   500
  Dodge: Dodged            |    46 |   132 |   115 |   192 ||   485
  Block: Buckler           |       |    45 |    87 |   219 ||   351

Table legend: (Time is in decaauts)
 A = Elapsed time spent in this place.
 B = Non-inter-level travel time spent in this place.
 C = Inter-level travel time spent in this place.
 D = Time resting spent in this place.
 E = Time spent auto-exploring this place.
 F = Levels seen in this place.
 G = Mean time per level.
                   A        B        C        D        E       F      G
               +--------+--------+--------+--------+--------+-----+--------+
         Total |  10860 |  10364 |    496 |   1324 |   6354 |  13 |  835.4 |
       Dungeon |   9196 |   8700 |    496 |    820 |   5758 |  11 |  836.0 |
         Sewer |    765 |    765 |      0 |      0 |    460 |   1 |  765.0 |
      Ice Cave |    898 |    898 |      0 |    504 |    135 |   1 |  898.0 |
               +--------+--------+--------+--------+--------+-----+--------+

Top non-repeatable levels by time:
     D:5: 1339 daAuts
     D:8: 1285 daAuts
     D:3: 1203 daAuts
     D:4: 985 daAuts
     D:1: 901 daAuts
   IceCv: 898 daAuts
    D:10: 774 daAuts
   Sewer: 765 daAuts
     D:7: 672 daAuts
     D:2: 667 daAuts
     D:9: 627 daAuts
     D:6: 605 daAuts
    D:11: 133 daAuts
